 Dungeon Crawl Stone Soup version 0.21.1-1-g345015f (webtiles) character file.

29 shakethe the Chopper (level 3, 26/28 HPs)
             Began as a Demonspawn Gladiator on Feb 27, 2018.
             Quit the game on level 2 of the Dungeon.
             The game lasted 00:01:06 (1154 turns).

shakethe the Chopper (Demonspawn Gladiator)         Turns: 1154, Time: 00:01:07

Health: 26/28      AC:  7    Str: 14    XL:     3   Next: 1%
Magic:  3/3        EV: 12    Int: 10    God:
Gold:   51         SH:  0    Dex: 14    Spells: 2/2 levels left

rFire    . . .     SeeInvis .   a - +0 war axe
rCold    . . .     Gourm    .   (no shield)
rNeg     . . .     Faith    .   k - +0 ring mail (curse)
rPois    .         Spirit   .   c - +0 helmet
rElec    .         Reflect  .   i - +0 cloak
rCorr    .         Harm     .   (no gloves)
MR       .....                  (no boots)
Stlth    ..........             (no amulet)
HPRegen  0.09/turn              h - ring of loudness (curse) {Stlth-}
MPRegen  0.08/turn              (no ring)

@: no status effects
A: claws 1, spiny 1
a: no special abilities


You were on level 2 of the Dungeon.
You were not hungry.

You visited 1 branch of the dungeon, and saw 2 of its levels.

You collected 51 gold pieces.

Inventory:

Hand Weapons
 a - a +0 war axe (weapon)
Missiles
 d - 4 throwing nets {=f, !d}
Armour
 b - a +0 leather armour
 c - a +0 helmet (worn)
 i - a +0 cloak (worn)
   (You found it on level 1 of the Dungeon)
 k - a cursed +0 ring mail (worn)
   (You found it on level 1 of the Dungeon)
Jewellery
 h - a cursed ring of loudness (left claw) {Stlth-}
   (You found it on level 1 of the Dungeon)
Scrolls
 m - a scroll of remove curse {unknown}
Potions
 e - a potion of heal wounds {unknown}
 g - a potion of flight {unknown}
 j - a potion of mutation {unknown}
Comestibles
 f - 2 rations
 l - 6 chunks of flesh {@w0@w0}


   Skills:
 + Level 2.4 Fighting
 * Level 3.3 Axes
 - Level 1.7 Throwing
 + Level 3.0 Dodging


You had 2 spell levels left.
You didn't know any spells.

Dungeon Overview and Level Annotations

Branches:
Dungeon (2/15)

Altars:
Cheibriados


Innate Abilities, Weirdness & Mutations

You have sharp fingernails.
You are partially covered in sharp spines.


Message History

You are too injured to fight recklessly!
You are too injured to fight recklessly!
You are too injured to fight recklessly!
You are too injured to fight recklessly!
You are too injured to fight recklessly!
You are too injured to fight recklessly!
You are too injured to fight recklessly!
You are too injured to fight recklessly!
You are too injured to fight recklessly!
You are too injured to fight recklessly!
Unknown command.
You are too injured to fight recklessly!
You are too injured to fight recklessly!
You are too injured to fight recklessly!
You are too injured to fight recklessly!
You are too injured to fight recklessly!
You are too injured to fight recklessly!
You are too injured to fight recklessly!
You are too injured to fight recklessly!
You are too injured to fight recklessly!
The jackal barks!
You slash the jackal!
You kill the jackal!
Found a stone staircase leading down.
You see here a jackal corpse.
You feel sick. The jackal barely misses you.
Found a snail-covered altar of Cheibriados.
You take 1 damage, and have 11/23 hp.
The jackal barely misses you.
A jackal comes into view.
The jackal barely misses you.
The jackal bites you but does no damage.
The jackal bites you but does no damage.
You barely miss the jackal. You miss the jackal.
You feel sick.
You are no longer poisoned.
The jackal misses you.
The jackal bites you but does no damage.
The jackal closely misses you.
You take 1 damage, and have 10/23 hp.
You slash the jackal!
You kill the jackal!
You hit the jackal. The jackal is struck by your spines.
You kill the jackal!
You have reached level 3!
Your experience leads to an increase in your attributes!
Increase (S)trength, (I)ntelligence, or (D)exterity?
You feel clever.
You feel monstrous as your demonic heritage exerts itself.
Your demonic ancestry asserts itself...
Your fingernails lengthen.
You regained 3 hp, and now have 13/28 hp.
MP restored: 3 You see here a jackal corpse.
You see here a jackal corpse.
You start resting.
A kobold comes into view. It is wielding a short sword.
You regained 3 hp, and now have 16/28 hp.
You see here an adder corpse.
A kobold is nearby!
The kobold hits you but does no damage.
Your ring mail prevents you from hitting the kobold.
The kobold is struck by your spines.
You kill the kobold!
There is an open door here.
Things that are here:
a short sword; a kobold corpse You start resting.
You are feeling hungry.
You regained 2 hp, and now have 19/28 hp.
You start resting.
A goblin comes into view. It is wielding a club.
You regained 3 hp, and now have 22/28 hp.
There is an open door here.
Things that are here:
a short sword; a kobold corpse You see here an adder corpse.
You see here an adder corpse.
You butcher the adder corpse.
l - 2 chunks of flesh {@w0@w0} You see here a jackal corpse.
You butcher the jackal corpse.
l - 3 chunks of flesh {@w0@w0} (gained 1)
You see here a jackal skeleton.
You see here a jackal corpse.
You butcher the jackal corpse.
l - 4 chunks of flesh {@w0@w0} (gained 1)
You see here a jackal skeleton.
You see here a jackal corpse.
There isn't anything here!
m - a scroll labeled NOTZAECLUCW You see here a jackal corpse.
You butcher the jackal corpse.
l - 7 chunks of flesh {@w0@w0} (gained 3)
You see here a jackal skeleton.
There isn't anything here!
You see here a jackal skeleton.
Eating one of 7 chunks of flesh {@w0@w0}.
You eat one of the 7 chunks of flesh {@w0@w0}.
You see here a jackal skeleton.
Okay, then.

###.....#.# ......#. .
.......#.###.......
g.####................
...).......##.##.....
..........###.###.###
##....).......#
#....####.##.#
................# .
############.@..###...
#.....[..._
#.÷..#.##.. #....# #
#.÷..# #....#
######....#####
..........>....
###############


There were no monsters in sight!

Vanquished Creatures
  An adder (D:2)
  2 dart slugs (D:1)
  A leopard gecko (D:1)
  A giant cockroach (D:1)
  A hobgoblin (D:1)
  3 jackals (D:2)
  A bat (D:1)
  2 frilled lizards (D:1)
  3 kobolds
  A rat (D:1)
16 creatures vanquished.

Notes
Turn   | Place    | Note
-------+----------+-------------------------------------------
     0 | D:1      | shakethe the Demonspawn Gladiator began the quest for the Orb.
     0 | D:1      | Reached XP level 1. HP: 16/16 MP: 1/1
   116 | D:1      | Reached skill level 3 in Axes
   116 | D:1      | Gained mutation: You are partially covered in sharp spines. [demonic ancestry]
   116 | D:1      | Reached XP level 2. HP: 7/22 MP: 2/2
   989 | D:2      | Reached skill level 3 in Dodging
  1005 | D:2      | Found a snail-covered altar of Cheibriados.
  1010 | D:2      | Gained mutation: You have sharp fingernails. [demonic ancestry]
  1010 | D:2      | Reached XP level 3. HP: 13/28 MP: 3/3
  1154 | D:2      | Quit the game

Skill      XL: |  1  2 |
---------------+-------+-----
Axes           | 3 |  3.3
Dodging        | 3 |  3.0
Fighting       | |  2.4
Throwing       | |  1.7

Action                   || total
-------------------------++-------
Melee: War axe           ||    40
  Eat: Chunk             ||     1
Armor: Leather armour    ||    12
       Ring mail         ||     5
Dodge: Dodged            ||    26

Vault maps used:
D:1:      dpeg_arrival_ternary
D:2:      nicolae_overflow_crystal_walls, uniq_natasha, uniq_sigmund, uniq_robin

Table legend:
 A = Turns spent in this place as a percentage of turns spent in the entire game.
 B = Non-inter-level travel turns spent in this place as a percentage of non-inter-level travel turns spent in the entire game.
 C = Inter-level travel turns spent in this place as a percentage of turns spent in this place.
 D = Turns resting spent in this place as a percentage of non-inter-level travel turns spent in this place.
 E = Turns spent auto-exploring this place as a percentage of non-inter-level travel turns spent in this place.
 F = Non-inter-level travel turns spent in this place divided by the number of levels of this place that you've seen.
                   A       B       C       D       E      F
               +-------+-------+-------+-------+-------+----------------------
         Total | 100.0 | 100.0 |   5.7 |  37.3 |  48.4 | 544.0
       Dungeon | 100.0 | 100.0 |   5.7 |  37.3 |  48.4 | 544.0
               +-------+-------+-------+-------+-------+----------------------

Table legend:
 A = Kills in this place as a percentage of kills in entire the game.
 B = Kills by you in this place as a percentage of kills by you in the entire game.
 C = Kills by friends in this place as a percentage of kills by friends in the entire game.
 D = Other kills in this place as a percentage of other kills in the entire game.
 E = Experience gained in this place as a percentage of experience gained in the entire game.
 F = Experience gained in this place divided by the number of levels of this place that you have seen.
                   A       B       C       D       E      F
               +-------+-------+-------+-------+-------+----------------------
         Total | 100.0 | 100.0 |   N/A |   N/A | 100.0 |  21.0
       Dungeon | 100.0 | 100.0 |   N/A |   N/A | 100.0 |  21.0
               +-------+-------+-------+-------+-------+----------------------
